 Dungeon Crawl Stone Soup version 0.21.1-1-g345015fe64 (webtiles) character file.

3049 KrippyTee the Cruncher (level 9, -11/79 HPs)
             Began as a Yellow Draconian Berserker on Mar 9, 2018.
             Was a Priest of Trog.
             Mangled by a crocodile (16 damage)
             ... on level 8 of the Dungeon.
             The game lasted 00:39:57 (6469 turns).

KrippyTee the Cruncher (Yellow Draconian Berserker) Turns: 6469, Time: 00:39:58

Health: -11/79     AC:  9    Str: 23    XL:     9   Next: 57%
Magic:  9/9        EV: 14    Int:  7    God:    Trog [***...]
Gold:   3          SH:  0    Dex: 11    Spells: 8/8 levels left

rFire    + . .     SeeInvis .   u - +5 falchion (holy)
rCold    x . .     Gourm    .   (no shield)
rNeg     . . .     Faith    .   (armour unavailable)
rPois    +         Spirit   .   (helmet restricted)
rElec    .         Reflect  .   m - +0 cloak
rCorr    +         Harm     .   r - +0 pair of gloves
MR       .....                  (no boots)
Stlth    +.........             (no amulet)
HPRegen  0.23/turn              q - ring of fire
MPRegen  0.11/turn              p - ring of poison resistance

@: confused
A: spit acid, acid resistance, unfitting armour, cold-blooded, AC +7
a: Breathe Acid, Berserk, Trog's Hand, Burn Spellbooks, Renounce Religion


You were on level 8 of the Dungeon.
You worshipped Trog.
Trog was most pleased with you.
You were not hungry.

You visited 1 branch of the dungeon, and saw 8 of its levels.

You collected 276 gold pieces.
You spent 273 gold pieces at shops.

Inventory:

Hand Weapons
 a - a +0 hand axe
 u - a +5 falchion of holy wrath (weapon)
Armour
 m - a +0 cloak (worn)
 r - a +0 pair of gloves (worn)
Jewellery
 p - a ring of poison resistance (right hand)
 q - a ring of fire (left hand)
Scrolls
 f - 2 scrolls of teleportation {unknown}
 o - 4 scrolls of identify {unknown}
 t - a scroll of vulnerability {unknown}
Potions
 j - 3 potions of curing
 n - a potion of haste
Comestibles
 b - 4 rations


   Skills:
 + Level 7.2 Fighting
 + Level 4.7 Axes
   Level 9.3 Staves
 + Level 5.6 Dodging
 + Level 3.2 Stealth


You had 8 spell levels left.
You didn't know any spells.

Dungeon Overview and Level Annotations

Branches:
Dungeon (8/15)             Temple (0/1) D:4
   Lair: D:8-11

Altars:
Okawaru
Qazlal
Sif Muna
The Shining One

Shops:
D:5 *   D:8 %*

Annotations:
D:8 Maurice


Innate Abilities, Weirdness & Mutations

You can spit globs of acid.
You are resistant to acid.
Your golden yellow scales are hard. (AC +7)
You cannot fit into any form of body armour.
You are cold-blooded and may be slowed by cold attacks.


Message History

You're too confused!
The crocodile bites you but does no damage.
Something hits you.
Something steals your +3 quarterstaff of chaos!
You stop training Staves.
You hear a zap.
Your will is overpowered!
You are more confused.
The crocodile bites you!
* * * LOW HITPOINT WARNING * * *
The crocodile barely misses you.
You bump into the rock wall.
The crocodile bites you!
* * * LOW HITPOINT WARNING * * *
You're too confused!
You slash the crocodile! You tail-slap the crocodile.
The crocodile is almost dead.
The crocodile bites you.
* * * LOW HITPOINT WARNING * * *
You're too confused!
You bump into the rock wall.
The crocodile bites you!
You die...

## #. # #########. ..###
.......... .......
#######... #.#....###
########....#.
...##..@###....p...####.
#..###t##...#####....p#
#..###{.###....##.PPP)#
#.........####.)...pp.#
####......##.........PPP..
8..∩..8.....#######......#
####......#.#### ###....#
#.........$...# ##.#..
#.#####.#####.# #..##.


You could see a crocodile.

Vanquished Creatures
  Pikel (D:8)
  A hippogriff (D:7)
  Eustachio (D:6)
  2 orc warriors
  A black bear (D:6)
  A phantom (D:7)
  A bullfrog (D:7)
  Blork the orc (D:5)
  A big kobold (D:7)
  A gnoll sergeant (D:5)
  2 scorpions
  8 wights
  4 crimson imps
  A bullfrog zombie (D:7)
  A centaur skeleton (D:6)
  A quasit (D:7)
  Crazy Yiuf (D:2)
  6 hounds
  5 orc priests
  3 orc wizards
  3 iguanas
  3 worker ants
  11 adders
  8 gnolls
  A white imp (D:7)
  An ooze (D:3)
  An adder skeleton (D:4)
  5 dart slugs
  5 leopard geckos
  28 orcs
  7 bats
  3 giant cockroaches
  8 hobgoblins
  7 jackals
  2 quokkas
  A ball python (D:2)
  7 frilled lizards
  14 goblins
  4 goblin zombies (D:7)
  2 hobgoblin zombies (D:7)
  10 kobolds
  A kobold zombie (D:7)
  An orc skeleton (D:7)
  6 rats
182 creatures vanquished.

Vanquished Creatures (others)
  A phantom (D:5)
1 creature vanquished.

Grand Total: 183 creatures vanquished

Notes
Turn   | Place    | Note
-------+----------+-------------------------------------------
     0 | D:1      | KrippyTee the Draconian Berserker began the quest for the Orb.
     0 | D:1      | Reached XP level 1. HP: 19/19 MP: 1/1
   100 | D:1      | Reached XP level 2. HP: 26/26 MP: 2/2
   489 | D:1      | Reached XP level 3. HP: 23/31 MP: 3/3
   659 | D:2      | Found an iron altar of Okawaru.
   663 | D:2      | Reached ** piety under Trog
  1068 | D:2      | Reached XP level 4. HP: 40/40 MP: 4/4
  1203 | D:2      | Found a runed door.
  1294 | D:2      | Noticed Crazy Yiuf
  1298 | D:2      | Killed Crazy Yiuf
  1462 | D:3      | Reached XP level 5. HP: 46/46 MP: 5/5
  1598 | D:3      | Reached skill level 1 in Stealth
  1874 | D:3      | Reached skill level 1 in Staves
  2192 | D:3      | Reached XP level 6. HP: 21/52 MP: 6/6
  2277 | D:4      | Found a staircase to the Ecumenical Temple.
  2385 | D:4      | Reached skill level 2 in Staves
  2519 | D:4      | Reached skill level 3 in Staves
  2525 | D:4      | HP: 2/53 [orc/flail (7)]
  2599 | D:4      | Your scales start taking on a golden yellow colour.
  2599 | D:4      | Reached XP level 7. HP: 54/60 MP: 7/7
  2939 | D:5      | Entered Level 5 of the Dungeon
  2948 | D:5      | Found Luleagab's Assorted Antiques.
  2994 | D:5      | Noticed Blork the orc
  3016 | D:5      | Killed Blork the orc
  3016 | D:5      | Reached skill level 4 in Staves
  3343 | D:5      | Reached skill level 5 in Fighting
  3352 | D:5      | Reached skill level 5 in Staves
  3522 | D:5      | Reached *** piety under Trog
  3556 | D:5      | Found a stormy altar of Qazlal.
  3586 | D:5      | Bought a potion of heal wounds for 135 gold pieces
  3654 | D:5      | Reached XP level 8. HP: 68/68 MP: 8/8
  3945 | D:5      | Reached skill level 6 in Staves
  4345 | D:6      | Found a deep blue altar of Sif Muna.
  4746 | D:6      | Noticed Eustachio
  4766 | D:6      | Killed Eustachio
  4907 | D:6      | Reached skill level 7 in Staves
  5127 | D:7      | Noticed a hippogriff
  5139 | D:7      | Killed a hippogriff
  5139 | D:7      | Reached skill level 8 in Staves
  5139 | D:7      | Reached skill level 5 in Dodging
  5183 | D:7      | Reached XP level 9. HP: 78/78 MP: 9/9
  5275 | D:7      | Found a glowing golden altar of the Shining One.
  5575 | D:7      | Received a gift from Trog
  6360 | D:8      | Found Qiehis's Assorted Antiques.
  6367 | D:8      | Noticed Pikel
  6386 | D:8      | Killed Pikel
  6386 | D:8      | Reached skill level 9 in Staves
  6396 | D:8      | Bought a runed falchion for 138 gold pieces
  6445 | D:8      | Noticed Maurice
  6448 | D:8      | Found Douvahi's Food Emporium.
  6469 | D:8      | Mangled by a crocodile

Skill      XL: |  1  2  3  4  5  6  7  8  9 |
---------------+----------------------------+-----
Dodging        | 3 4 5 |  5.6
Axes           | 4 |  4.7
Fighting       | 4 5 6 7 |  7.2
Stealth        | 1 2 3 |  3.2
Staves         | 1 3 5 8 9 |  9.3

Action                   |  1- 3 |  4- 6 |  7- 9 || total
-------------------------+-------+-------+-------++-------
Melee: Hand axe          |   137 |    18 |       ||   155
       Tailslap          |    12 |    16 |    29 ||    57
       Quarterstaff      |       |   118 |   258 ||   376
       Falchion          |       |       |     5 ||     5
Invok: Berserk           |     1 |     4 |     8 ||    13
       Trog's Hand       |     1 |     7 |     3 ||    11
 Abil: Breathe Acid      |       |       |     2 ||     2
  Use: Potion            |     1 |     1 |     2 ||     4
 Stab: Sleeping          |       |     1 |       ||     1
       Confused          |       |       |     2 ||     2
       Paralysed         |       |       |     2 ||     2
  Eat: Ration            |     2 |     3 |     4 ||     9
       Chunk             |       |       |     4 ||     4
Armor: Skin              |    43 |    47 |    75 ||   165
Dodge: Dodged            |   110 |   127 |   189 ||   426
